 Dungeon Crawl Stone Soup version 0.31-a0-303-gdc8c9485ea (webtiles) character file.

Game seed: 18418427920171469945

245345 RepHenryClay the Impregnable (level 18, -6/160 HPs)
             Began as a Minotaur Chaos Knight on July 16, 2023.
             Was a Plaything of Xom.
             Mangled by an ironbound frostheart (24 damage)
             ... on level 1 of the Vaults.
             The game lasted 01:21:38 (34359 turns).

RepHenryClay the Impregnable (MiCK)                Turns: 34359, Time: 01:21:39

Health: -6/160     AC: 33    Str: 22    XL:     18   Next: 76%
Magic:  17/17      EV: 19    Int: 10    God:    Xom [......]
Gold:   2094       SH: 19    Dex: 17    Spells: 17/17 levels left

rFire   + . .        a - +5 broad axe (freeze)
rCold   . . .        o - +0 kite shield
rNeg    . . .        v - +7 chain mail "Belonoj" {Str+3 Int+3}
rPois   .            (helmet unavailable)
rElec   .            R - +0 cloak
rCorr   .            y - +2 pair of gloves of Inquiry {Will+++ Regen+ Dex-5 Stlth+}
SInv    .            q - +2 pair of boots {Stlth+}
Will    +++++        D - amulet of reflection
Stlth   +            I - +5 ring of evasion
HPRegen 1.26/turn    N - ring of protection from fire
MPRegen 0.15/turn

%: reflection, clarity
@: frozen, very slow
A: horns 3, retaliatory headbutt, claws 1, hooves 1, agile 2, clarity, frail 1,
strong-willed 1, wild magic 1, MP-powered wands
}: 2/15 runes: decaying, gossamer
a: Renounce Religion


You were on level 1 of the Vaults.
You worshipped Xom.
You were a very special plaything of Xom.
You visited 6 branches of the dungeon, and saw 31 of its levels.
You also visited: Ossuary, Bailey and Volcano.

You collected 3184 gold pieces.
You spent 1090 gold pieces at shops.

Inventory:

Hand Weapons
 a - a +5 broad axe of freezing (weapon)
 b - a +1 war axe of flaming
 K - a +6 battleaxe of freezing
 V - the +5 hand axe "Radulef" {venom, rPois}
   (You took it off an orc wizard on level 12 of the Dungeon)

   rPois:     It protects you from poison.
Missiles
 j - 4 throwing nets
Armour
 o - a +0 kite shield (worn)
 q - a +2 pair of boots of stealth (worn)
 v - the +7 chain mail "Belonoj" (worn) {Str+3 Int+3}
   (You found it on level 5 of the Lair of Beasts)

   Str:       It affects your strength (+3).
   Int:       It affects your intelligence (+3).
 y - the +2 pair of gloves of Inquiry (worn) {Will+++ Regen+ Dex-5 Stlth+}
   (You acquired it on level 12 of the Dungeon)

   Dex:       It affects your dexterity (-5).
   Regen:     It increases your rate of health regeneration.
   Will:      It greatly increases your willpower.
   Stlth:     It makes you more stealthy.
 F - a +1 ring mail of cold resistance
 L - a +2 hat
 P - a +0 plate armour of poison resistance
 R - a +0 cloak (worn)
 Y - a +2 plate armour of fire resistance
Jewellery
 x - a ring of positive energy
 D - an amulet of reflection (around neck)
 I - a +5 ring of evasion (left hand)
 M - the ring of Eternity {Ice rPois Int+3 Dex-3}
   (You found it on level 14 of the Dungeon)

   [ring of ice]

   It enhances your ice magic.
   Int:       It affects your intelligence (+3).
   Dex:       It affects your dexterity (-3).
   rF:        It makes you vulnerable to fire.
   rC:        It protects you from cold.
   rPois:     It protects you from poison.
 N - a ring of protection from fire (right hand)
 Z - an amulet of regeneration
Wands
 d - a wand of quicksilver (15)
 f - a wand of charming (13)
 B - a wand of iceblast (8)
 G - a wand of digging (10)
 H - a wand of mindburst (17)
Scrolls
 p - 5 scrolls of amnesia
 r - 8 scrolls of revelation
 t - 4 scrolls of fear
 u - 2 scrolls of poison
 A - 8 scrolls of blinking
 C - 10 scrolls of identify {@r1}
 E - 11 scrolls of teleportation
 O - 3 scrolls of fog
 U - 2 scrolls of enchant armour
Potions
 e - 7 potions of might
 g - 3 potions of mutation
 h - a potion of cancellation
 i - 8 potions of ambrosia
 k - 7 potions of attraction
 m - 8 potions of heal wounds
 n - 11 potions of magic
 s - 2 potions of berserk rage
 w - 12 potions of curing
 z - a potion of enlightenment
 Q - 6 potions of invisibility
 S - 4 potions of resistance
 T - 3 potions of haste
Miscellaneous
 c - a piece from Xom's chessboard (15/15) (quivered)
 l - a condenser vane (inert)
 J - a lightning rod (4/4)
 W - a phial of floods


   Skills:
 - Level 19.8 Fighting
 - Level 20.0 Axes
 - Level 22.8 Armour
 - Level 10.4 Dodging
 - Level 15.0 Shields
 + Level 7.0 Evocations


You had 17 spell levels left.
You didn't know any spells.
Your spell library contained the following spells:

 Spells                   Type           Power      Damage    Failure   Level
 Apportation              Tloc           0%         N/A       88%         1
 Freeze                   Ice            0%         1d3       88%         1
 Necrotise                Necr           0%         1d4       88%         1
 Sting                    Tmut/Pois      0%         1d3       88%         1
 Summon Small Mammal      Summ           0%         N/A       88%         1
 Lesser Beckoning         Tloc           0%         N/A       96%         2
 Sublimation of Blood     Necr           0%         N/A       96%         2
 Gell's Gravitas          Tloc           0%         N/A       99%         3
 Stone Arrow              Conj/Erth      0%         3d7       99%         3
 Teleport Other           Tloc           0%         N/A       99%         3
 Vhi's Electric Charge    Tloc/Air       0%         N/A       99%         3
 Volatile Blastmotes      Fire/Tloc      0%         2d10      99%         3
 Anguish                  Hex/Necr       0%         N/A       100%        4
 Animate Armour           Summ/Erth      0%         N/A       100%        4
 Cause Fear               Hex            0%         N/A       100%        4
 Fulminant Prism          Conj/Hex       0%         3d5       100%        4
 Iskenderun's Mystic Bla  Conj/Tloc      0%         2d3       100%        4
 Petrify                  Tmut/Erth      0%         N/A       100%        4
 Arcjolt                  Conj/Air       0%         1d10      100%        5
 Fireball                 Conj/Fire      0%         3d3       100%        5
 Irradiate                Conj/Tmut      0%         3d11      100%        5
 Iskenderun's Battlesphe  Conj           0%         2d6       100%        5
 Conjure Ball Lightning   Conj/Air       0%         3x3d6     100%        6
 Plasma Beam              Fire/Air       0%         2x1d10    100%        6
 Enfeeble                 Hex            0%         N/A       100%        7
 Orb of Destruction       Conj           0%         9d5       100%        7
 Lehudib's Crystal Spear  Conj/Erth      0%         10d2      100%        8


Dungeon Overview and Level Annotations

Branches:
Dungeon (15/15)            Temple (0/1) D:7            Lair (5/5) D:11
  Swamp (4/4) Lair:3       Spider (4/4) Lair:3        Slime (0/5) Lair:5
    Orc (2/2) D:11            Elf (0/3) Orc:2        Vaults (1/5) D:13
 Depths (0/4) D:15        Ossuary (visited)          Bailey (visited)
Volcano (visited)

Altars:
Kikubaaqudgha
Sif Muna
Uskayaw
Xom
Jiyva

Shops:
D:4 (   D:10 :   Orc:2 ([(=![:::   Vaults:1 ?

Annotations:
D:10 2 transporters, Pooter's ghost, journeyman MiBe
Lair:5 1 exclusion
Swamp:4 Roxanne
Spider:4 Mara


Innate Abilities, Weirdness & Mutations

You have a pair of large horns on your head.
You reflexively headbutt those who attack you in melee.
You have sharp fingernails.
You have large cloven feet.
You are very agile. (Dex +8, Str/Int -2)
You possess an exceptional clarity of mind.
You are frail. (-10% HP)
You are strong-willed. (Will+)
Your spells are a little harder to cast, but a little more powerful.
You expend magic power (3 MP) to strengthen your wands.


Message History

You headbutt the deep troll!
The deep troll is heavily wounded.
Huge Dmg: -21%(-33hp) hp: 22%(35hp)
As you read the scroll of teleportation, it crumbles to dust.
You feel strangely unstable.
The deep troll bites you but does no damage.
The deep troll claws you but does no damage.
You block the deep troll's attack.
Unknown command.
The ice encasing you melts away. The yaktaur hits your butterfly!
Your butterfly dies!
Your butterfly disappears in a puff of smoke!
You block the deep troll's attack.
The deep troll claws you but does no damage.
You block the deep troll's attack.
Things that are here:
a +0 arbalest; a yaktaur corpse The ironbound frostheart calls freezing cold from the walls.
The frost grips you!!
* * * LOW HITPOINT WARNING * * *
You are encased in ice.
The frost grips your butterfly!!
Your butterfly dies!
Your butterfly disappears in a puff of smoke!
Huge Dmg: -11%(-18hp) hp: 13%(20hp)
Your surroundings suddenly seem different.
Xom thinks this is hilarious!
The ironbound frostheart barely misses you.
You block the yaktaur's attack.
The yaktaur hits you but does no damage.
You slash the ironbound frostheart! You freeze the ironbound frostheart.
You headbutt the ironbound frostheart!
The ironbound frostheart is heavily wounded.
You slash the yaktaur! You freeze the yaktaur. You hit the yaktaur.
You freeze the yaktaur. The ironbound frostheart touches you.
* * * LOW HITPOINT WARNING * * *
The ironbound frostheart freezes you!!
You die...
Xom bursts into laughter!

#.......#. #.......+
#.......# .
#_......#..
#.......#.. #...>...#
#..c....# #.@c)...#
#####p####### ####
#...#[T.#...# #..###
#....).)....# ##....#
#...#...#...# #......
##.#######.## ##......
#...#...#...# #......>
#...........###.......
#...#...#...##........


You could see an ironbound frostheart, a deep troll and 2 yaktaurs.

Vanquished Creatures
  Nikola (Swamp:1)
  Rupert (Orc:2)
  The ghost of ragingrage the Brawler, an adept TrSh of Ru (Swamp:2)
  Kirke (Swamp:3)
  A thorn hunter (Swamp:3)
  Donald (Spider:3)
  A shadow dragon (D:14)
  5 ghost moths
  5 emperor scorpions
  2 vault wardens (Vaults:1)
  2 very ugly things (Swamp:4)
  A formless jellyfish (Vaults:1)
  2 ironbound preservers (Vaults:1)
  A stone giant (D:15)
  10 eleionomae
  The ghost of Udepn the Fighter, a journeyman OgFE of Vehumet (Lair:2)
  3 spark wasps
  5 bunyips
  2 green deaths (Swamp:4)
  Snorg (Orc:2)
  Josephine (Swamp:1)
  3 great orbs of eyes
  The ghost of Plog the Thaumaturge, a journeyman DECj of Dithmenos (D:14)
  3 shambling mangroves
  2 fire dragons
  3 entropy weavers
  A vault guard (D:13)
  A peacekeeper (Vaults:1)
  2 yaktaur captains (Vaults:1)
  2 hell beasts (Swamp:4)
  Erolcha (Orc:1)
  8 centaur warriors
  2 ghost crabs
  3 ogre magi
  2 catoblepae (Lair:5)
  3 radroaches
  9 death yaks
  10 hydras
  An anaconda (shapeshifter) (Vaults:1)
  A jorogumo (Spider:3)
  A death knight (D:14)
  7 dancing weapons (Spider:1)
  8 boulder beetles
  Erica (D:10)
  A hell hog (Spider:2)
  3 tengu warriors
  16 two-headed ogres
  5 alligators
  2 thrashing horrors (Swamp:4)
  8 demonic crawlers
  A sea snake (Spider:4)
  7 pharaoh ants
  A skyshark (Lair:5)
  5 goliath frogs
  10 deep trolls
  9 orb spiders
  3 bog bodies
  2 spriggan druids (Swamp:4)
  5 steelbarb worms
  6 swamp dragons
  A wizard (Vaults:1)
  A lindwurm (Lair:4)
  An orc knight (Orc:1)
  3 ironbound convokers (Vaults:1)
  A harpy (D:14)
  A necromancer (Vaults:1)
  19 wolf spiders
  20 ugly things
  6 cyclopes
  3 deep elf pyromancers
  7 will-o-the-wisps
  3 manticores
  A fire giant zombie (Vaults:1)
  4 moths of wrath
  3 salamanders (Volcano)
  16 elephants
  2 black mambas (Lair:5)
  An eye of devastation (shapeshifter) (D:14)
  3 gargoyles
  3 orange demons (Swamp:4)
  Maggie (D:6)
  4 vault sentinels (Vaults:1)
  2 torpor snails
  4 rime drakes
  An unseen horror (D:11)
  9 cane toads
  11 komodo dragons
  2 yaktaurs (Vaults:1)
  A kobold demonologist (D:11)
  3 efreet
  Psyche (D:9)
  3 meliai (Spider:3)
  10 trolls
  7 polar bears
  15 hornets
  7 tyrant leeches
  18 blink frogs
  A hornet (shapeshifter) (Spider:4)
  Prince Ribbit (D:6)
  32 tarantellas
  A dream sheep (shapeshifter) (D:10)
  20 slime creatures
  6 dream sheep
  A stone giant simulacrum (Vaults:1)
  19 jumping spiders
  16 culicivoras
  4 shadows
  7 spriggans
  A centaur simulacrum (D:15)
  31 yaks
  6 wraiths
  Eustachio (D:6)
  A human (Lair:5)
  14 wyverns
  4 hogs (Swamp:3)
  7 basilisks
  4 fire bats (Volcano)
  10 vampire mosquitoes
  A steam dragon (Volcano)
  Menkaure (D:6)
  2 human simulacra (Vaults:1)
  39 redbacks
  2 acid dragons (D:14)
  4 wargs
  14 swamp worms
  9 water moccasins
  3 swamp drakes (Swamp:1)
  21 orc warriors
  7 black bears
  An elf simulacrum (Vaults:1)
  2 sky beasts
  25 ogres
  18 wolves
  4 boggarts (D:14)
  8 centaurs
  3 kobold brigands
  8 bullfrogs
  2 gnoll sergeants
  11 scorpions
  9 wights (D:8)
  19 killer bees
  2 vampire bats (Lair:1)
  6 electric eels
  3 lava snakes (Lair:1)
  2 hounds
  5 jellies
  17 orc priests
  A gnoll bouda (Orc:2)
  4 iguanas
  15 orc wizards
  A mummy (Ossuary)
  21 gnolls
  9 adders
  2 white imps
  2 dart slugs
  3 worms
  77 orcs
  6 spectral bats (Ossuary)
  10 endoplasms
  11 giant cockroaches
  10 goblins
  6 hobgoblins
  4 jackals (D:3)
  23 kobolds
  3 quokkas
  9 ball pythons
  10 bats
  7 bat simulacra (Ossuary)
  4 frilled lizards
  12 gnoll zombies (Ossuary)
  2 goblin simulacra (Ossuary)
  7 goblin zombies (Ossuary)
  6 hobgoblin zombies (Ossuary)
  4 kobold simulacra (Ossuary)
  A kobold zombie (Ossuary)
  4 orc zombies (Ossuary)
  5 rats
  A rat simulacrum (Ossuary)
  5 spectral kobolds (Ossuary)
  3 spectral rats (Ossuary)
  3 butterflies (D:10)
1131 creatures vanquished.

Vanquished Creatures (collateral kills)
  A thorn hunter (Swamp:4)
  A yaktaur captain (Vaults:1)
  A shambling mangrove (Swamp:4)
  2 ugly things
  An elephant (Lair:3)
  A black mamba (Lair:5)
  2 hornets
  2 blink frogs (Lair:5)
  A dream sheep (Lair:5)
  A yak (D:10)
  A centaur (D:10)
  An orc (D:10)
15 creatures vanquished.

Vanquished Creatures (others)
  A bunyip (Swamp:2)
  A dancing weapon (Spider:3)
  A harpy (D:14)
  A torpor snail (Lair:3)
  2 bloated husks (Swamp:2)
  A spriggan (Swamp:3)
  A yak (Lair:5)
  A human (Swamp:3)
  An acid dragon (D:12)
  A swamp worm (Swamp:1)
  A worm (Lair:3)
  46 foxfires
58 creatures vanquished.

Grand Total: 1204 creatures vanquished

Notes
Turn   | Place    | Note
-------+----------+-------------------------------------------
     0 | D:1      | RepHenryClay the Minotaur Chaos Knight began the quest for
                  | the Orb.
     0 | D:1      | Reached XP level 1. HP: 19/19 MP: 0/0
    76 | D:1      | XOM: silly message
   174 | D:1      | Reached XP level 2. HP: 27/27 MP: 1/1
   246 | D:1      | XOM: divination: magic mapping
   464 | D:1      | Reached skill level 3 in Armour
   569 | D:1      | Reached XP level 3. HP: 33/33 MP: 2/2
  1482 | D:2      | XOM: noise
  1518 | D:2      | XOM: silly message
  1591 | D:3      | XOM: cloud trail
  1641 | D:3      | Reached XP level 4. HP: 39/40 MP: 3/3
  1792 | D:3      | XOM: noise
  1897 | D:3      | XOM: 3-stop teleportation journey
  1946 | D:3      | Identified the +0 ring mail "Sill" {rPois rN+}
  1953 | D:3      | XOM: 4-stop teleportation journey
  2114 | D:3      | XOM: cloud trail
  2122 | D:3      | XOM: scenery: create altars
  2666 | D:4      | XOM: smoke on damage
  2798 | D:4      | XOM: scenery: 1 doors open
  2846 | D:4      | Reached XP level 5. HP: 30/47 MP: 4/4
  2940 | D:4      | XOM is BORED!
  2940 | D:4      | XOM: 1-stop teleportation journey
  3025 | D:4      | XOM: 2-stop teleportation journey
  3058 | D:4      | Found Kuemefie's Weapon Boutique.
  3071 | D:4      | XOM: give mutations
  3071 | D:4      | Gained mutation: Your movements are slightly less
                  | encumbered by armour. (ER -2) [Xom's grace]
  3071 | D:4      | Gained mutation: You have a pair of large horns on your
                  | head. [Xom's grace]
  3071 | D:4      | Gained mutation: You are strong-willed. (Will+) [Xom's
                  | grace]
  3510 | D:5      | Entered Level 5 of the Dungeon
  3579 | D:5      | XOM: potion effect (might)
  3587 | D:5      | Reached skill level 4 in Armour
  3611 | D:5      | XOM is BORED!
  3611 | D:5      | XOM: 1-stop teleportation journey
  3746 | D:5      | Found an ancient bone altar of Kikubaaqudgha.
  3772 | D:5      | Reached skill level 5 in Axes
  3799 | D:5      | XOM: scenery: 1 doors close
  3872 | D:5      | Noticed a centaur
  3878 | D:5      | Killed a centaur
  3879 | D:5      | Reached XP level 6. HP: 52/55 MP: 5/5
  4358 | D:6      | Found a sand-covered staircase.
  4359 | D:6      | Noticed Menkaure
  4370 | D:6      | Killed Menkaure
  4371 | D:6      | Reached XP level 7. HP: 41/60 MP: 6/6
  4378 | Ossuary  | Entered an ossuary
  4486 | Ossuary  | XOM is BORED!
  4486 | Ossuary  | XOM: noise
  4852 | D:6      | Noticed Maggie
  4919 | D:5      | XOM: summons 4 hostile demons
  4920 | D:5      | Noticed an orange demon
  4933 | D:6      | Killed Maggie
  4934 | D:6      | Reached skill level 10 in Axes
  4964 | D:6      | Reached XP level 8. HP: 14/67 MP: 7/7
  5190 | D:6      | XOM: scenery: summon butterflies
  5191 | D:6      | XOM: summons 1 friendly demon
  5301 | D:6      | XOM: god gift: wand of quicksilver (4)
  5333 | D:6      | Noticed Prince Ribbit
  5467 | D:6      | XOM: god gift: wand of charming (3)
  5476 | D:6      | Killed Prince Ribbit
  5640 | D:6      | XOM: 4-stop teleportation journey
  5650 | D:6      | Noticed Eustachio
  5671 | D:6      | XOM: destruction
  5774 | D:7      | XOM: god gift: glowing falchion {god gift}
  5894 | D:7      | XOM: scenery: create altars
  5952 | D:7      | Found a staircase to the Ecumenical Temple.
  5958 | D:7      | XOM: give mutations
  5958 | D:7      | Gained mutation: Your body sometimes deteriorates upon
                  | taking damage. [Xom's mischief]
  5958 | D:7      | Lost mutation: Your movements are slightly less encumbered
                  | by armour. (ER -2) [Xom's mischief]
  5958 | D:7      | Gained mutation: You are agile. (Dex +4, Str/Int -1) [Xom's
                  | mischief]
  6281 | D:7      | Reached XP level 9. HP: 73/73 MP: 8/8
  6450 | D:8      | XOM: scenery: create altars
  6460 | D:8      | XOM: fog
  6467 | D:8      | XOM: summons 3 friendly demons
  6483 | D:8      | XOM: 2-stop teleportation journey
  6676 | D:8      | XOM: noise
  6680 | D:8      | XOM: smoke on damage
  6689 | D:8      | Reached skill level 15 in Axes
  6774 | D:8      | Noticed a cyclops
  6780 | D:8      | Killed a cyclops
  7387 | D:9      | Noticed Psyche
  7395 | D:9      | Reached XP level 10. HP: 80/80 MP: 9/9
  7406 | D:9      | Killed Psyche
  7407 | D:9      | Reached skill level 5 in Fighting
  7444 | D:9      | XOM: 2-stop teleportation journey
  7630 | D:9      | Noticed a two-headed ogre
  7631 | D:9      | XOM: cleaving
  7652 | D:9      | Reached skill level 5 in Armour
  7663 | D:9      | Killed a two-headed ogre
  7663 | D:9      | XOM: enchant monster (bad)
  7670 | D:9      | XOM: scenery: summon butterflies
  7677 | D:9      | Reached skill level 5 in Dodging
  7679 | D:9      | Reached skill level 6 in Armour
  8172 | D:9      | Found a shimmering blue altar of Sif Muna.
  8474 | D:10     | Entered Level 10 of the Dungeon
  8483 | D:10     | Found a flagged portal.
  8525 | Bailey   | Entered a bailey
  8571 | Bailey   | Reached skill level 12 in Armour
  8571 | Bailey   | Reached XP level 11. HP: 91/91 MP: 10/10
  8738 | Bailey   | XOM: cast spell 'Death Channel'
  8954 | Bailey   | XOM: cloud trail
  8986 | D:10     | Noticed a two-headed ogre
  8993 | D:10     | XOM: cleaving
  8995 | D:10     | Killed a two-headed ogre
  8996 | D:10     | Reached skill level 13 in Armour
  9280 | D:10     | Found a transporter.
  9284 | D:10     | Noticed Pooter's ghost (journeyman MiBe)
  9299 | D:10     | Found a transporter.
  9331 | D:10     | XOM: cloud trail
  9540 | D:10     | XOM: potion effect (brilliance)
  9546 | D:10     | XOM: silly message
  9549 | D:10     | XOM: summons friendly white imp
  9553 | D:10     | Reached skill level 14 in Armour
  9653 | D:10     | Found a runed translucent door.
  9660 | D:10     | Found a runed translucent door.
  9811 | D:10     | Noticed a fire crab
  9819 | D:10     | a fire crab changed into a floating eye
  9828 | D:10     | a floating eye changed into a mana viper
  9828 | D:10     | Noticed a mana viper (shapeshifter)
  9941 | D:10     | Reached XP level 12. HP: 97/97 MP: 11/11
  9944 | D:10     | XOM is BORED!
  9944 | D:10     | XOM: give mutations
  9944 | D:10     | Gained mutation: You are somewhat resistant to further
                  | mutation. [Xom's mischief]
  9944 | D:10     | Lost mutation: You are somewhat resistant to further
                  | mutation. [Xom's mischief]
  9944 | D:10     | Gained mutation: You are occasionally teleported next to
                  | monsters. [Xom's mischief]
 10094 | D:10     | Found Edeavipp's Book Emporium.
 10160 | D:10     | XOM: scenery: summon butterflies
 10189 | D:10     | XOM: god gift: 25 gold pieces
 10200 | D:10     | XOM: scenery: create altars
 10371 | D:11     | XOM: smoke on damage
 10372 | D:11     | XOM: enchant monster (good)
 10374 | D:11     | XOM: enchant monster (bad)
 10573 | D:11     | Noticed a boulder beetle
 10580 | D:11     | XOM: scenery: summon butterflies
 10591 | D:11     | Killed a boulder beetle
 10592 | D:11     | Reached skill level 15 in Armour
 10692 | D:11     | XOM: summons 7 hostile demons
 10797 | D:10     | XOM: summons 7 hostile demons
 10852 | D:10     | XOM: summons 7 hostile demons
 11071 | D:11     | Found a staircase to the Orcish Mines.
 11102 | D:11     | Noticed Erica
 11119 | D:11     | XOM: noise
 11281 | D:11     | XOM: enchant monster (bad)
 11284 | D:11     | XOM: chaos cloud
 11299 | D:10     | Killed Erica
 11339 | D:10     | XOM: give mutation
 11339 | D:10     | Gained mutation: You have sharp fingernails. [Xom's
                  | mischief]
 11437 | D:10     | XOM: give mutations
 11437 | D:10     | Gained mutation: Your skin changes colour to match your
                  | surroundings (Stealth+). [Xom's mischief]
 11437 | D:10     | Lost mutation: Your skin changes colour to match your
                  | surroundings (Stealth+). [Xom's mischief]
 11437 | D:10     | Gained mutation: You are highly strong-willed. (Will++)
                  | [Xom's mischief]
 11439 | D:11     | Noticed a two-headed ogre
 11446 | D:11     | XOM: confusion
 11453 | D:11     | Killed a two-headed ogre
 11454 | D:11     | Reached skill level 16 in Armour
 11549 | D:10     | XOM: noise
 11871 | D:11     | Found a staircase to the Lair.
 11988 | D:11     | Noticed an eight-headed hydra
 12033 | D:11     | XOM: enchant monster (good)
 12039 | D:11     | Killed an eight-headed hydra
 12335 | D:11     | Identified the +4 ring mail "Herphyos" {rElec}
 12490 | D:12     | Identified 2 scrolls of acquirement
 12490 | D:12     | Acquired a +6 battleaxe of freezing
 12628 | D:12     | XOM: polymorph brown ugly thing -> purple ugly thing
 12683 | D:12     | Identified the +5 hand axe "Radulef" {venom, rPois}
 12871 | D:12     | XOM: silly message
 12925 | D:12     | Acquired the +2 pair of gloves of Inquiry {Will+++ Regen+
                  | Dex-5 Stlth+}
 13038 | D:12     | XOM: noise
 13322 | Orc:1    | Entered Level 1 of the Orcish Mines
 13372 | Orc:1    | XOM: potion effect (haste)
 13385 | Orc:1    | XOM: silly message
 13444 | Orc:1    | Noticed Erolcha
 13448 | Orc:1    | XOM: silly message
 13453 | Orc:1    | Killed Erolcha
 13476 | Orc:1    | XOM: divination: detect creatures
 13502 | Orc:1    | XOM: divination: magic mapping
 13637 | Orc:1    | Found a dark tunnel.
 13645 | Volcano  | Entered a volcano
 13717 | Volcano  | XOM: potion effect (invisibility)
 13723 | Volcano  | XOM: potion effect (berserk rage)
 13731 | Volcano  | Reached XP level 13. HP: 104/104 MP: 12/12
 13851 | Volcano  | XOM: potion effect (berserk rage)
 13881 | Volcano  | Noticed a fire dragon
 13891 | Volcano  | XOM: silly message
 13892 | Volcano  | Killed a fire dragon
 14234 | Orc:1    | XOM: silly message
 14271 | Orc:1    | XOM: silly message
 14420 | Orc:2    | Entered Level 2 of the Orcish Mines
 14420 | Orc:2    | Found Taero's Book Shop.
 14428 | Orc:2    | Noticed Snorg
 14445 | Orc:2    | Killed Snorg
 14521 | Orc:2    | Found Roej Saceu's Antique Armour Boutique.
 14542 | Orc:2    | XOM: potion effect (brilliance)
 14644 | Orc:2    | XOM: divination: detect items
 14679 | Orc:2    | Found Laturiun's Book Shoppe.
 14734 | Orc:2    | XOM: summons friendly crimson imp
 14735 | Orc:2    | XOM: confuse monster(s)
 14742 | Orc:2    | XOM: noise
 14781 | Orc:2    | XOM: confuse monster(s)
 14912 | Orc:1    | XOM: god gift: potion of brilliance
 14943 | Orc:2    | XOM: summons friendly ufetubus
 14994 | Orc:1    | XOM: cloud trail
 14996 | Orc:1    | XOM: give mutation
 14996 | Orc:1    | Lost mutation: Your body sometimes deteriorates upon taking
                  | damage. [Xom's mischief]
 15057 | Orc:2    | Noticed Rupert
 15065 | Orc:2    | XOM: 1-stop teleportation journey
 15067 | Orc:2    | Found a staircase to the Elven Halls.
 15068 | Orc:2    | Found Useiwk Viam's Antique Weapon Boutique.
 15069 | Orc:2    | Found Reqyafat's Weapon Shop.
 15069 | Orc:2    | Found Xitiseuc's Distillery.
 15085 | Orc:2    | XOM: summons friendly white imp
 15113 | Orc:2    | Found Utirghink's Jewellery Shoppe.
 15124 | Orc:2    | Found Qeamnal's Armour Boutique.
 15137 | Orc:2    | Bought a +5 ring of evasion for 396 gold pieces
 15154 | Orc:2    | Bought a potion of heal wounds for 90 gold pieces
 15154 | Orc:2    | Bought 2 potions of heal wounds for 180 gold pieces
 15163 | Orc:2    | Killed Rupert
 15191 | Orc:2    | Found Daorghif's Book Shop.
 15459 | Lair:1   | Entered Level 1 of the Lair of Beasts
 15488 | Lair:1   | You fall into a shaft and drop 1 floor!
 15494 | Lair:2   | Reached XP level 14. HP: 119/119 MP: 13/13
 15519 | Lair:1   | XOM: confuse monster(s)
 15525 | Lair:1   | Reached skill level 10 in Fighting
 15698 | Lair:1   | XOM: potion effect (invisibility)
 16009 | Lair:1   | XOM: potion effect (heal wounds)
 16376 | Lair:1   | XOM: noise
 16669 | Lair:2   | Identified the +0 leather armour of Time Monsters {Regen+}
 16708 | Lair:2   | Reached skill level 10 in Dodging
 16723 | Lair:2   | Found a runed translucent gate.
 16723 | Lair:2   | Found a runed translucent gate.
 16723 | Lair:2   | Found a runed translucent gate.
 16724 | Lair:2   | Noticed Udepn's ghost (journeyman OgFE)
 16800 | Lair:2   | Found a viscous altar of Jiyva.
 17023 | Lair:2   | XOM: scenery: create altars
 17120 | Lair:2   | XOM: confuse monster(s)
 17127 | Lair:2   | Killed Udepn's ghost
 17165 | Lair:3   | Identified the +1 trident "Coloubit" {flame, rF+ Will+
                  | Dex+2}
 17203 | Lair:3   | Found a staircase to the Swamp.
 17209 | Lair:3   | Reached skill level 17 in Armour
 17289 | Lair:3   | XOM: 1-stop teleportation journey
 17375 | Lair:3   | Found a hole to the Spider Nest.
 17381 | Lair:3   | XOM: divine lightning
 17464 | Lair:3   | XOM: cleaving
 17641 | Lair:3   | XOM: fake destruction
 17642 | Lair:3   | XOM: summons 12 friendly demons
 17785 | Lair:3   | XOM: cloud trail
 17992 | Lair:3   | XOM: cloud trail
 18352 | Lair:4   | XOM: divination: detect creatures
 18516 | Lair:4   | XOM: god gift: chain mail {god gift}
 18519 | Lair:4   | XOM: destruction
 18522 | Lair:4   | XOM: summons friendly white imp
 18708 | Lair:4   | XOM: cloud trail
 18749 | Lair:4   | XOM: scenery: 1 doors close
 18921 | Lair:5   | Entered Level 5 of the Lair of Beasts
 18930 | Lair:5   | XOM: confuse monster(s)
 18948 | Lair:5   | XOM: god gift: silver javelin
 18962 | Lair:5   | XOM: summons 3 friendly demons
 18968 | Lair:5   | Reached skill level 18 in Armour
 19039 | Lair:5   | XOM: divine lightning
 19040 | Lair:5   | Reached XP level 15. HP: 129/136 MP: 14/14
 19053 | Lair:5   | XOM: polymorph cane toad -> basilisk
 19097 | Lair:5   | XOM: polymorph yak -> human
 19122 | Lair:5   | XOM: blink monster(s)
 19219 | Lair:5   | Found a viscous altar of Jiyva.
 19219 | Lair:5   | Found a staircase to the Slime Pits.
 19221 | Lair:5   | XOM: enchant monster (good)
 19403 | Lair:5   | XOM: confuse monster(s)
 19476 | Lair:5   | Identified the +7 chain mail "Belonoj" {Str+3 Int+3}
 20193 | D:13     | XOM: confuse monster(s)
 20199 | D:13     | XOM: scenery: summon butterflies
 20310 | D:13     | XOM: enchant monster (good)
 20553 | D:13     | Reached skill level 19 in Armour
 20563 | D:13     | XOM: fog
 20570 | D:13     | Reached skill level 15 in Fighting
 20602 | D:13     | Found a gate to the Vaults.
 20673 | D:14     | Found a transporter.
 20677 | D:14     | Noticed Plog's ghost (journeyman DECj)
 20998 | D:14     | XOM: cleaving
 21001 | D:14     | XOM: summons friendly ynoxinul
 21173 | D:14     | Found a hide-covered altar of Uskayaw.
 21232 | D:14     | XOM: give mutation
 21232 | D:14     | Gained mutation: You have a somewhat thin skeletal
                  | structure. (Dex +2, Stealth+) [Xom's grace]
 21350 | D:14     | XOM: enchant monster (good)
 21387 | D:14     | XOM: cloud trail
 21400 | D:14     | Found a transporter.
 21566 | D:14     | Noticed a shadow dragon
 21588 | D:14     | XOM: god gift: scroll of teleportation
 21608 | D:14     | XOM: give mutations
 21608 | D:14     | Gained mutation: You are very agile. (Dex +8, Str/Int -2)
                  | [Xom's grace]
 21608 | D:14     | Gained mutation: Your flesh is heat resistant. (rF+) [Xom's
                  | grace]
 21608 | D:14     | Gained mutation: You have hidden genetic potential. [Xom's
                  | grace]
 21608 | D:14     | Gained mutation: You have large cloven feet. [Xom's grace]
 21774 | D:15     | Entered Level 15 of the Dungeon
 21862 | D:15     | XOM: enchant monster (good)
 21943 | D:15     | XOM: blink monster(s)
 21997 | D:15     | Reached skill level 20 in Armour
 22177 | D:15     | Found a staircase to the Depths.
 22193 | D:15     | XOM: god gift: wand of polymorph (5)
 22225 | D:15     | XOM: scenery: create altars
 22333 | D:15     | XOM: cleaving
 22342 | D:15     | XOM: blink monster(s)
 22526 | Lair:1   | XOM: give mutations
 22526 | Lair:1   | Lost mutation: Your flesh is heat resistant. (rF+) [Xom's
                  | mischief]
 22526 | Lair:1   | Gained mutation: You occasionally lose the ability to drink
                  | potions when taking damage. [Xom's mischief]
 22526 | Lair:1   | Lost mutation: You have sharp fingernails. [Xom's mischief]
 22526 | Lair:1   | Lost mutation: You have a pair of large horns on your head.
                  | [Xom's mischief]
 22527 | Lair:1   | Lost mutation: You are occasionally teleported next to
                  | monsters. [potion of mutation]
 22527 | Lair:1   | Lost mutation: You have hidden genetic potential. [potion
                  | of mutation]
 22527 | Lair:1   | Gained mutation: You are extremely strong-willed. (Will+++)
                  | [potion of mutation]
 22565 | Spider:1 | Entered Level 1 of the Spider Nest
 22596 | Spider:1 | Noticed an emperor scorpion
 22620 | Spider:1 | Killed an emperor scorpion
 22621 | Spider:1 | Reached skill level 1 in Shields
 22664 | Spider:1 | XOM: cloud trail
 22732 | Spider:1 | XOM: confuse monster(s)
 22765 | Spider:1 | XOM: divination: magic mapping
 22766 | Spider:1 | Found a runed translucent door.
 22785 | Spider:1 | XOM: silly message
 22796 | Spider:1 | Identified the +1 plate armour of the Evening Star {Fly
                  | Will- rCorr}
 22842 | Spider:1 | Reached XP level 16. HP: 145/152 MP: 15/15
 22867 | Spider:1 | Reached skill level 5 in Shields
 22893 | Spider:1 | XOM: noise
 22902 | Spider:1 | XOM: confuse monster(s)
 23284 | Spider:1 | XOM: draining
 23365 | Spider:1 | XOM: chaos cloud
 23448 | Spider:1 | XOM: summons 5 hostile demons
 23454 | Spider:1 | Gained mutation: Potions are less effective at restoring
                  | your health. [a neqoxec]
 23501 | Spider:2 | XOM: 3-stop teleportation journey
 23566 | Spider:2 | XOM: torment (65/146 hp)
 23584 | Spider:2 | XOM: swap monsters
 23591 | Spider:2 | XOM: chaos cloud
 23679 | Spider:2 | XOM: enchant monster (bad)
 23680 | Spider:2 | XOM: polymorph demonic crawler -> hell hog
 23682 | Spider:2 | Reached skill level 10 in Shields
 23686 | Spider:2 | XOM: stat loss: -1 Str (21/22)
 23724 | Spider:2 | XOM: stat loss: -1 Str (20/22)
 23738 | Spider:2 | XOM: confusion (+ monsters)
 23749 | Spider:2 | XOM: swap monsters
 23794 | Spider:2 | XOM: polymorph redback -> steelbarb worm
 23806 | Spider:2 | XOM: swap monsters
 23819 | Spider:2 | XOM: polymorph spark wasp -> great orb of eyes
 23837 | Spider:2 | XOM: stat loss: -1 Int (9/10)
 23838 | Spider:2 | XOM: enchant monster (bad)
 23845 | Spider:2 | XOM: stat loss: -1 Int (8/10)
 23977 | Spider:2 | Got A Beginning Course on Magic
 24043 | Spider:2 | XOM: draining
 24057 | Spider:2 | Identified the +3 flail of Disorder {venom, Int+3}
 24111 | Spider:2 | XOM: enchant monster (bad)
 24169 | Spider:2 | XOM: silly message
 24177 | Spider:2 | XOM: confusion (+ monsters)
 24179 | Spider:2 | XOM: divination: detect creatures
 24183 | Spider:2 | XOM: potion effect (might)
 24435 | Spider:2 | XOM: give mutation
 24435 | Spider:2 | Lost mutation: Potions are less effective at restoring your
                  | health. [Xom's mischief]
 24529 | Spider:3 | XOM: confusion (+ monsters)
 25030 | Spider:3 | XOM: noise
 25042 | Spider:3 | XOM: potion effect (curing)
 25182 | Spider:3 | XOM: confusion (+ monsters)
 25374 | Spider:3 | XOM: summons 2 friendly demons
 25382 | Spider:3 | Noticed Donald
 25411 | Spider:3 | XOM: polymorph Donald -> Donald
 25521 | Spider:3 | Killed Donald
 25578 | Spider:3 | XOM: confuse monster(s)
 25593 | Spider:3 | XOM: silly message
 25609 | Spider:3 | XOM: swap monsters
 25617 | Spider:3 | Reached XP level 17. HP: 139/155 MP: 16/16
 25821 | Spider:4 | Entered Level 4 of the Spider Nest
 25874 | Spider:4 | Reached skill level 15 in Shields
 25922 | Spider:4 | Identified the +2 leather armour of Wu Jian's Fury {Will+
                  | Stlth+}
 26438 | Spider:4 | Noticed Mara
 26438 | Spider:4 | XOM: silly message
 26453 | Spider:4 | XOM: noise
 26454 | Spider:4 | XOM: blink monster(s)
 26461 | Spider:4 | XOM: polymorph redback -> sea snake
 26471 | Spider:4 | Noticed RepHenryClay's illusion
 26530 | Spider:3 | XOM: give mutations
 26530 | Spider:3 | Gained mutation: You are weak. (Str -2) [Xom's mischief]
 26530 | Spider:3 | Lost mutation: You have a somewhat thin skeletal structure.
                  | (Dex +2, Stealth+) [Xom's mischief]
 26544 | Spider:3 | XOM: noise
 26675 | Spider:4 | XOM: confusion
 26676 | Spider:4 | XOM: polymorph culicivora -> shapeshifter
 26717 | Spider:4 | XOM: summons 6 hostile demons
 26816 | Spider:4 | XOM: confusion (+ monsters)
 26970 | Spider:4 | XOM: blink monster(s)
 27091 | Spider:4 | Got a gossamer rune of Zot
 27114 | Spider:4 | XOM: noise
 27416 | D:6      | Killed Eustachio
 27548 | D:6      | XOM: silly message
 27929 | Lair:3   | XOM: stat loss: -1 Int (5/7)
 28158 | D:2      | XOM: give mutation
 28158 | D:2      | Lost mutation: You occasionally lose the ability to drink
                  | potions when taking damage. [Xom's mischief]
 28716 | Lair:2   | XOM: give mutations
 28716 | Lair:2   | Gained mutation: You possess an exceptional clarity of
                  | mind. [Xom's grace]
 28716 | Lair:2   | Gained mutation: You have hoof-like feet. [Xom's grace]
 28716 | Lair:2   | Gained mutation: Your spells are a little harder to cast,
                  | but a little more powerful. [Xom's grace]
 28716 | Lair:2   | Gained mutation: You have a pair of large horns on your
                  | head. [Xom's grace]
 28751 | Swamp:1  | Entered Level 1 of the Swamp
 28782 | Swamp:1  | XOM: summons 5 friendly demons
 28858 | Swamp:1  | Noticed Nikola
 28866 | Swamp:1  | XOM: stat loss: -1 Dex (15/17)
 28870 | Swamp:1  | XOM: summons 3 hostile demons
 28886 | Swamp:1  | Killed Nikola
 29066 | Swamp:1  | Noticed Josephine
 29078 | Swamp:1  | Killed Josephine
 29082 | Swamp:1  | Reached skill level 21 in Armour
 29431 | Swamp:2  | XOM: enchant monster (good)
 29437 | Swamp:2  | XOM: 1-stop teleportation journey
 29456 | Swamp:2  | XOM: 4-stop teleportation journey
 29479 | Swamp:2  | XOM: summons 7 friendly demons
 29620 | Swamp:2  | XOM: fog
 29632 | Swamp:2  | Paralysed by a hornet for 2 turns
 29754 | Swamp:2  | Found a runed translucent door.
 29756 | Swamp:2  | Noticed ragingrage's ghost (adept TrSh)
 29779 | Swamp:2  | XOM: polymorph alligator -> spark wasp
 29792 | Swamp:2  | XOM: summons friendly quasit
 29841 | Swamp:2  | XOM: divination: magic mapping
 29919 | Swamp:2  | XOM: cloud trail
 29983 | Swamp:2  | XOM: butterfly on damage
 30331 | Swamp:2  | Killed ragingrage's ghost
 30348 | Swamp:2  | Identified the +6 flail "Rike" {heavy, rElec rC- Str+2
                  | Stlth+}
 30386 | Swamp:3  | Noticed Kirke
 30398 | Swamp:3  | Killed Kirke
 30421 | Swamp:3  | XOM: summons 3 friendly demons
 30423 | Swamp:3  | XOM: cast spell 'Summon Mana Viper'
 30540 | Swamp:3  | XOM: scenery: summon butterflies
 30549 | Swamp:3  | XOM: fog
 30705 | Swamp:3  | XOM: enchant monster (bad)
 30786 | Swamp:3  | XOM: noise
 30789 | Swamp:3  | XOM: swap monsters
 30805 | Swamp:3  | XOM: give mutations
 30805 | Swamp:3  | Gained mutation: You expend magic power (3 MP) to
                  | strengthen your wands. [Xom's mischief]
 30805 | Swamp:3  | Gained mutation: You do not regenerate when monsters are
                  | visible. [Xom's mischief]
 30805 | Swamp:3  | Lost mutation: You are extremely strong-willed. (Will+++)
                  | [Xom's mischief]
 30994 | Swamp:3  | Identified the +3 rapier "Ironosto" {holy, rElec Str+3}
 31065 | Swamp:3  | XOM: confuse monster(s)
 31146 | Swamp:3  | XOM: give mutations
 31146 | Swamp:3  | Lost mutation: You are highly strong-willed. (Will++)
                  | [Xom's mischief]
 31146 | Swamp:3  | Lost mutation: You have hoof-like feet. [Xom's mischief]
 31146 | Swamp:3  | Gained mutation: You have sharp fingernails. [Xom's
                  | mischief]
 31163 | Swamp:3  | XOM: silly message
 31215 | Swamp:4  | Entered Level 4 of the Swamp
 31226 | Swamp:4  | XOM: fog
 31236 | Swamp:3  | Reached skill level 22 in Armour
 31380 | Swamp:4  | Reached XP level 18. HP: 174/174 MP: 17/17
 31527 | Swamp:4  | XOM: scenery: summon butterflies
 31540 | Swamp:4  | Noticed Roxanne
 31607 | Swamp:4  | XOM: summons 11 friendly demons
 31716 | Swamp:4  | XOM: divination: detect items
 31746 | Swamp:4  | XOM: cloud trail
 31862 | Swamp:4  | XOM: potion effect (might)
 31916 | Swamp:4  | XOM: summons 2 friendly demons
 31998 | Swamp:4  | XOM: 2-stop teleportation journey
 32069 | Swamp:4  | XOM: give mutations
 32069 | Swamp:4  | Lost mutation: You do not regenerate when monsters are
                  | visible. [Xom's mischief]
 32069 | Swamp:4  | Lost mutation: You are weak. (Str -2) [Xom's mischief]
 32069 | Swamp:4  | Gained mutation: You are frail. (-10% HP) [Xom's mischief]
 32073 | Swamp:4  | XOM: enchant monster (bad)
 32123 | Swamp:4  | XOM: potion effect (might)
 32132 | Swamp:4  | XOM: summons 2 hostile demons
 32144 | Swamp:4  | XOM: torment (63/159 hp)
 32145 | Swamp:4  | XOM: polymorph slime creature -> swamp dragon
 32146 | Swamp:4  | XOM: noise
 32276 | Swamp:4  | Got a decaying rune of Zot
 32816 | Vaults:1 | Entered Level 1 of the Vaults
 32820 | Vaults:1 | Found Byb Ceal's Magic Scroll Shop.
 32829 | Vaults:1 | Bought a scroll of enchant weapon for 127 gold pieces
 32829 | Vaults:1 | Bought a scroll of teleportation for 51 gold pieces
 32829 | Vaults:1 | Bought a scroll of enchant weapon for 127 gold pieces
 32829 | Vaults:1 | Bought a scroll of teleportation for 51 gold pieces
 32829 | Vaults:1 | Bought a scroll of identify for 34 gold pieces
 32829 | Vaults:1 | Bought a scroll of identify for 34 gold pieces
 32852 | Vaults:1 | XOM: summons 2 friendly demons
 32853 | Vaults:1 | XOM: confuse monster(s)
 33332 | D:14     | Identified the ring of Eternity {Ice rPois Int+3 Dex-3}
 33334 | D:14     | XOM: scenery: summon butterflies
 33337 | D:14     | Reached skill level 1 in Evocations
 33337 | D:14     | XOM: polymorph fire dragon -> glowing shapeshifter
 33343 | D:14     | XOM: stat loss: -1 Str (21/22)
 33354 | D:14     | Killed Plog's ghost
 33411 | D:13     | XOM: cloud trail
 33484 | Vaults:1 | XOM: confuse monster(s)
 33656 | Vaults:1 | XOM: polymorph deep elf sorcerer -> emperor scorpion
 33697 | Vaults:1 | XOM: summons 1 hostile demon
 33733 | Vaults:1 | XOM: polymorph ironbound convoker -> glowing shapeshifter
 33847 | Vaults:1 | XOM is BORED!
 33847 | Vaults:1 | XOM: torment (81/160 hp)
 34087 | Vaults:1 | XOM: scenery: 1 doors close
 34112 | Vaults:1 | Reached skill level 5 in Evocations
 34152 | Vaults:1 | XOM: confuse monster(s)
 34158 | Vaults:1 | XOM: potion effect (might)
 34222 | Vaults:1 | XOM: summons friendly ice devil
 34242 | Vaults:1 | XOM: scenery: 1 doors close
 34249 | Vaults:1 | XOM: polymorph ice devil -> hellwing
 34330 | Vaults:1 | XOM: scenery: create altars
 34344 | Vaults:1 | XOM: repel stairs
 34346 | Vaults:1 | XOM: scenery: summon butterflies
 34359 | Vaults:1 | Mangled by an ironbound frostheart

Illustrated notes

Levels and vault maps discovered:
D:1:      kilobyte_arrival_exit_the_forest, layout_rooms
D:2:      layout_loops_cross
D:3:      layout_basic
D:4:      layout_basic, serial_shops, nicolae_shop_bloodbath_and_beyond
D:5:      layout_loops_ring, mainiacjoe_overflow_surrounded_room,
          hangedman_decor_peaks_small, minivault_23,
          chequers_serial_rivers_room_a, nicolae_elevator_lobby_plus
D:6:      layout_loops_ring, nicolae_ossuary_entry_ruins,
          kennysheep_generic_room_3, uniq_menkaure, uniq_prince_ribbit1,
          uniq_eustachio, uniq_maggie
D:7:      layout_rooms, minmay_temple_entry_waves
D:8:      layout_loops_ring
D:9:      layout_small_grid, nicolae_sif_muna_condensation, minivault_26,
          uniq_psyche
D:10:     lemuel_insect_pit, layout_long_grid, enter_bailey_3, serial_shops,
          shop_coins, gammafunk_ghost_stat_death, kennysheep_island_fort
D:11:     layout_loops_ring, grunt_lair_entry_orc_guard_hut, erik_orc_4,
          dreamdust_princess_corridor, minmay_radiant, uniq_erica
D:12:     layout_basic
D:13:     layout_loops_ring, david_vaults_5
D:14:     layout_layer_cave, gammafunk_ghost_berserking_beasts,
          nicolae_uskayaw_murder_on_the_dancefloor
D:15:     grunt_enter_depths_snipers, layout_cave_pools, minmay_hedge_maze
Lair:1:   layout_chaotic_city, roderic_batcave, minivault_23,
          nicolae_lair_liquid_snakes, grunt_megastairs_3, serial_bayou_shore_a
Lair:2:   layout_loops_ring, gammafunk_ghost_ooze, forest_entry_grove
Lair:3:   beast_lair_carwin_large_3, layout_gridlike, minmay_swamp_entry_swarm,
          nicolae_spider_entry_non_spiders
Lair:4:   layout_regular_city, grunt_forest_large_clearing_hut
Lair:5:   evilmike_catoblepas_cave, layout_concentric_octagons, slime_entry_1,
          nicolae_quartered_pool_impasse
Swamp:1:  layout_basic_swamp, evilmike_swamp_ruin_house_1, swamp_pool5,
          uniq_josephine, uniq_nikola
Swamp:2:  layout_basic_swamp, ebering_ghost_reflecting_pool,
          nicolae_swamp_oxbows, infiniplex_staircase_pool
Swamp:3:  nicolae_swamp_wrong_neighborhood, layout_falls_marsh,
          nicolae_swamp_stair_fork, swamp_pool2, nicolae_swamp_wisp_ring_woods,
          uniq_kirke
Swamp:4:  swamp_vile, layout_basic_swamp, uniq_roxanne
Spider:1: cheibrodos_spider_deadly_dance, nicolae_spider_webs_and_nodes
Spider:2: cheibrodos_forgotten_conduit, nicolae_spider_moth_buddies
Spider:3: layout_spider_delve, uniq_donald
Spider:4: spider_rune_water, hangedman_spider_tarantella_strand, uniq_mara
Orc:1:    layout_diamond_mine, lightli_volcano_entry_magma_tube, basic_altar,
          uniq_erolcha
Orc:2:    st_orc_open, layout_diamond_mine, serial_shops, shop, shop, shop,
          shop, shop, uniq_rupert, uniq_snorg
Vaults:1: ontoclasm_vaults_misaligned, hangedman_vaults_river_flow, v_misc_30,
          nicolae_vaults_diamond_2, vaults_room_glass_cross, grunt_vaults_swirl,
          grunt_vaults_hallway_short, nicolae_vaults_house_2,
          layout_vaults_big_cross, serial_shops, shop

Skill      XL: |  1  2  3  4  5  6  7  8  9 10 11 12 13 14 15 16 17 18 |
---------------+-------------------------------------------------------+-----
Axes           | 4 6 7 10 13 16 18 20 | 20.0
Fighting       | 4 6 9 13 16 18 19 | 19.8
Armour         | 3 4 12 14 16 18 20 22 | 22.8
Dodging        | 2 3 5 8 10 | 10.4
Shields        | 4 14 15 | 15.0
Evocations     | 7 |  7.0

Action                     |  1- 3 |  4- 6 |  7- 9 | 10-12 | 13-15 | 16-18 || total
---------------------------+-------+-------+-------+-------+-------+-------++-------
  Melee: Hand axe          |    66 |       |   101 |       |    69 |   643 ||   879
         Headbutt          |    14 |    11 |    55 |    76 |   217 |   555 ||   928
         Punch             |     1 |     1 |     3 |     3 |       |       ||     8
         Mace              |    29 |    78 |   175 |       |       |       ||   282
         Dagger            |       |       |     6 |     3 |       |       ||     9
         War axe           |       |       |     1 |   261 |       |    32 ||   294
         Halberd           |       |       |       |    61 |       |       ||    61
         Battleaxe         |       |       |       |   113 |   790 |       ||   903
         Flail             |       |       |       |     7 |       |       ||     7
         Glaive            |       |       |       |       |     6 |       ||     6
         Broad axe         |       |       |       |       |       |  1055 ||  1055
  Evoke: Wand              |       |     1 |    10 |     8 |       |       ||    19
         Piece from Xom's  |       |       |     3 |     2 |       |       ||     5
         Lightning rod     |       |       |       |       |       |     2 ||     2
         Condenser vane    |       |       |       |       |       |     1 ||     1
    Use: Scroll            |       |     7 |    10 |     9 |     7 |    16 ||    49
         Potion            |       |       |     3 |     7 |     4 |     9 ||    23
   Stab: Invisible         |       |       |     2 |     4 |    20 |     6 ||    32
         Petrified         |       |       |       |     2 |     1 |       ||     3
         Petrifying        |       |       |       |     1 |     1 |       ||     2
         Confused          |       |       |       |       |    10 |    12 ||    22
         Distracted        |       |       |       |       |     3 |     3 ||     6
         Paralysed         |       |       |       |       |     4 |       ||     4
 Armour: Leather armour    |     7 |       |       |       |       |       ||     7
         Ring mail         |    40 |    17 |    72 |    82 |     9 |       ||   220
         Chain mail        |       |       |       |   161 |   304 |   300 ||   765
         Plate armour      |       |       |       |       |       |   426 ||   426
  Dodge: Dodged            |    63 |    50 |   122 |   253 |   492 |   868 ||  1848
  Block: Other             |       |     7 |    59 |   108 |   154 |       ||   328
         Reflection        |       |       |     4 |     5 |     7 |    20 ||    36
         Kite shield       |       |       |       |       |    42 |  1607 ||  1649

Table legend: (Time is in decaauts)
 A = Elapsed time spent in this place.
 B = Non-inter-level travel time spent in this place.
 C = Inter-level travel time spent in this place.
 D = Time resting spent in this place.
 E = Time spent auto-exploring this place.
 F = Levels seen in this place.
 G = Mean time per level.
                   A        B        C        D        E       F      G
               +--------+--------+--------+--------+--------+-----+--------+
         Total |  34042 |  30536 |   3506 |   2538 |  21464 |  34 | 1001.2 |
       Dungeon |  16718 |  14702 |   2016 |   1406 |  10981 |  15 | 1114.5 |
          Lair |   4798 |   4077 |    721 |      3 |   3359 |   5 |  959.6 |
         Swamp |   4143 |   3860 |    283 |    386 |   2437 |   4 | 1035.8 |
   Spider Nest |   4434 |   4196 |    238 |    480 |   2441 |   4 | 1108.5 |
  Orcish Mines |   1607 |   1412 |    195 |    203 |    744 |   2 |  803.5 |
        Vaults |   1016 |    965 |     51 |      0 |    751 |   1 | 1016.0 |
       Ossuary |    435 |    435 |      0 |      0 |    219 |   1 |  435.0 |
        Bailey |    447 |    447 |      0 |     37 |    312 |   1 |  447.0 |
       Volcano |    441 |    441 |      0 |     22 |    218 |   1 |  441.0 |
               +--------+--------+--------+--------+--------+-----+--------+

Top non-repeatable levels by time:
    D:10: 2628 daAuts
 Swamp:4: 1296 daAuts
Spider:4: 1251 daAuts
    D:14: 1239 daAuts
     D:6: 1200 daAuts
    D:11: 1196 daAuts
     D:3: 1195 daAuts
Spider:3: 1180 daAuts
     D:9: 1161 daAuts
Spider:2: 1102 daAuts
  Lair:1: 1102 daAuts
    D:13: 1092 daAuts
  Lair:3: 1078 daAuts
 Swamp:2: 1060 daAuts
     D:8: 1050 daAuts
